 Dungeon Crawl Stone Soup version 0.31.0-9-g3a7656b989 (webtiles) character file.

Game seed: 4699820637987140851

51 qw the Shooter (level 3, 0/20 HPs)
             Began as a Deep Elf Hunter on Feb 2, 2024.
             Slain by a jackal (3 damage)
             ... on level 2 of the Dungeon.
             The game lasted 00:00:02 (600 turns).

qw the Shooter (Deep Elf Hunter)                     Turns: 600, Time: 00:00:03

Health: 0/20       AC:  3    Str: 10    XL:     3   Next: 58%
Magic:  5/5        EV: 12    Int: 13    God:
Gold:   18         SH:  0    Dex: 18    Spells: 2/2 levels left

rFire   . . .        a - +0 shortbow
rCold   . . .        (shield currently unavailable)
rNeg    . . .        c - +0 leather armour
rPois   .            (no helmet)
rElec   .            (no cloak)
rCorr   .            (no gloves)
SInv    .            (no boots)
Will    .....        (no amulet)
Stlth   ++           (no ring)
HPRegen 0.23/turn    (no ring)
MPRegen 0.09/turn

%: no passive effects
@: brilliant
A: no striking features
a: no special abilities


You were on level 2 of the Dungeon.
You visited 1 branch of the dungeon, and saw 2 of its levels.

You collected 18 gold pieces.


   Skills:
 - Level 1.5 Fighting
 + Level 7.1 Ranged Weapons
 - Level 2.4 Dodging
 - Level 1.2 Stealth


You had 2 spell levels left.
You didn't know any spells.
Your spell library was empty.

Inventory:

Hand Weapons
 a - a +0 shortbow (weapon)
Armour
 c - a +0 leather armour (worn)
Potions
 d - a potion of degeneration {unknown}
 g - a potion of attraction {unknown}
 h - a potion of curing

Dungeon Overview and Level Annotations

Branches:
Dungeon (2/15)

Altars:


Message History

You feel sick. The jackal bites you. The jackal closely misses you.
The adder misses you. The jackal barely misses you. x2
You shoot an arrow. The arrow hits the adder.
The adder is heavily wounded.
You feel sick. The adder completely misses you. The jackal closely misses you.
The jackal barely misses you. The adder bites you but does no damage.
The jackal barely misses you. The jackal bites you.
You shoot an arrow.
The arrow hits the adder but does no damage.
The adder is heavily wounded.
You feel sick. The adder barely misses you. The jackal bites you.
The jackal bites you but does no damage.
You shoot an arrow. The arrow hits the adder!
You kill the adder!
You feel sick.
You are no longer poisoned.
The jackal closely misses you.
The jackal bites you but does no damage.
The jackal closely misses you. x2
Your Ranged Weapons skill increases to level 7!
You shoot an arrow. The arrow barely misses the jackal.
The jackal misses you. The jackal bites you.
You shoot an arrow. The arrow closely misses the jackal.
The jackal misses you. The jackal closely misses you.
The jackal barely misses you. The jackal bites you.
You shoot an arrow. The arrow misses the jackal.
The jackal closely misses you. The jackal bites you.
You shoot an arrow. The arrow hits the jackal.
The jackal is moderately wounded.
The jackal bites you. The jackal closely misses you.
The jackal bites you but does no damage. x2
You shoot an arrow. The arrow hits the jackal.
The jackal is almost dead.
The jackal bites you but does no damage.
The jackal barely misses you.
You shoot an arrow. The arrow misses the jackal.
The jackal bites you but does no damage.
The jackal closely misses you. The jackal barely misses you.
The jackal bites you.
You die...

#.## ...#
#..## #...
##..# #...
#.h# #%@#
.......h.#
#####...##
##.## #.
#. #. #.


You could see 2 jackals.

Vanquished Creatures
  An adder (D:2)
  4 dart slugs (D:1)
  4 endoplasms (D:1)
  2 giant cockroaches (D:1)
  2 hobgoblins (D:1)
  2 jackals (D:1)
  3 quokkas (D:1)
  3 ball pythons (D:1)
  A bat (D:1)
  2 frilled lizards (D:1)
  4 goblins (D:1)
  2 kobolds (D:1)
  A rat (D:1)
31 creatures vanquished.

Notes
Turn   | Place    | Note
-------+----------+-------------------------------------------
     0 | D:1      | qw the Deep Elf Hunter began the quest for the Orb.
     0 | D:1      | Reached XP level 1. HP: 12/12 MP: 3/3
     0 | D:1      | 0 ||| qw: Version: 0.3-a-155-g5e7d8dd
     0 | D:1      | 0 ||| qw: Game counter: 1273
     0 | D:1      | 0 ||| qw: Melee chars always use a shield: true
     0 | D:1      | 0 ||| qw: God list: Okawaru
     0 | D:1      | 0 ||| qw: Allow faded altars: false
     0 | D:1      | 0 ||| qw: Do Orc after clearing Dungeon:15 true
     0 | D:1      | 0 ||| qw: Do second Lair branch before Depths: true
     0 | D:1      | 0 ||| qw: Lair rune preference: random
     0 | D:1      | 0 ||| qw: Goals: Normal
     0 | D:1      | 0 ||| PLANNING D:1-11
   137 | D:1      | Reached skill level 6 in Ranged Weapons
   137 | D:1      | Reached XP level 2. HP: 14/16 MP: 4/4
   240 | D:1      | Found a faded altar of an unknown god.
   386 | D:1      | Reached XP level 3. HP: 20/20 MP: 5/5
   554 | D:1      | 554 ||| DROPPING ring of flight.
   555 | D:1      | 555 ||| READING scroll labelled NIDDIM LUOCLE.
   556 | D:1      | 556 ||| DRINKING 2 ruby potions.
   557 | D:1      | 557 ||| DRINKING 2 yellow potions.
   558 | D:1      | 558 ||| DROPPING scroll of butterflies.
   559 | D:1      | 559 ||| DROPPING potion of brilliance.
   569 | D:2      | 569 ||| STAIRDANCE
   595 | D:2      | Reached skill level 7 in Ranged Weapons
   596 | D:2      | HP: 5/20 [jackal (1)]
   600 | D:2      | Slain by a jackal

Levels and vault maps discovered:
D:1:      roderic_octagonal_star, layout_rooms,
          shapermc_ecumenical_altar_flowoftime
D:2:      layout_loops_ring, uniq_terence, uniq_robin

Skill      XL: |  1  2  3 |
---------------+----------+-----
Ranged Weapons | 6 7 |  7.1
Fighting       | |  1.5
Dodging        | |  2.4
Stealth        | |  1.2

Action                     || total
---------------------------++-------
   Fire: Shortbow          ||    80
    Use: Potion            ||     2
         Scroll            ||     1
 Armour: Leather armour    ||    27
  Dodge: Dodged            ||    44

Table legend:
 A = Non-vault XP
 B = Vault XP
 C = Vault XP percentage of total XP
 D = Non-vault monster count
 E = Vault monster count
 F = Vault count percentage of total count
                 A         B        C        D         E       F
            +---------+---------+-------+---------+---------+-------
      Total |      74 |       0 |   0.0 |      31 |       0 |   0.0
            +---------+---------+-------+---------+---------+-------
        D:1 |      60 |       0 |   0.0 |      30 |       0 |   0.0
        D:2 |      14 |       0 |   0.0 |       1 |       0 |   0.0
            +---------+---------+-------+---------+---------+-------
